cohdb
Replays
Latest Replays
All Replays
Popular Replays
Top Player Replays
Match Explorer
How It Works
Community
CoH3 Stats
Reddit
Sign in to upload your games and track your stats! →
Sign in with Steam
Match 45955520
Unlisted
Match 45955520
Overview
Messages
Build Orders
End
Pioneer Squad
Pioneer Squad
Construct Infanterie Kompanie
Grenadier Squad
Grenadier Squad
MG 42 Machine Gun Team
Grenadier Squad
Construct Luftwaffe Kompanie
221 Scout Car
Selects Breakthrough Battlegroup
Selects Assault Grenadiers
Medical Station
Selects Rapid Production
Support Elements
Wirbelwind Flakpanzer
Flak 30 Anti-aircraft Gun Team
MG 42 Machine Gun Team
MG 42 Machine Gun Team
Selects Breakthrough
Selects Incendiary Bombing Run
Incendiary Bombing Run
Wednesday
FeriG
0
0
Comments
sign in to comment!
No comments posted yet!